 Dungeon Crawl Stone Soup version 0.26-a0-1161-g0398aca569 (webtiles) character file.

Game seed: 13911788803230430482

165 Hopman the Skirmisher (level 5, -7/47 HPs)
             Began as a Hill Orc Fighter on Dec 28, 2020.
             Mangled by a gnoll sergeant
             ... wielding the +9 trident of Absolution {venom, rC+ Stlth+}
              (14 damage)
             ... on level 3 of the Dungeon.
             The game lasted 00:07:41 (3305 turns).

Hopman the Skirmisher (Hill Orc Fighter)            Turns: 3305, Time: 00:07:42

Health: -7/47      AC: 10    Str: 20    XL:     5   Next: 46%
Magic:  5/5        EV:  7    Int:  8    God:
Gold:   86         SH:  9    Dex: 10    Spells: 4/4 levels left

rFire    + . .     SeeInvis .   a - +0 war axe
rCold    + . .     Faith    .   c - +0 kite shield
rNeg     . . .     Spirit   .   b - +0 scale mail
rPois    +         Reflect  .   (no helmet)
rElec    +         Harm     .   h - +0 cloak
rCorr    +         Rampage  .   (no gloves)
Will     .....                  l - +1 pair of boots
Stlth    ..........             (no amulet)
HPRegen  0.15/turn              (no ring)
MPRegen  0.09/turn              (no ring)

@: mighty, lethally poisoned (-7 -> -10), resistant
A: no striking features
a: no special abilities


You were on level 3 of the Dungeon.
You visited 1 branch of the dungeon, and saw 3 of its levels.

You collected 86 gold pieces.

Inventory:

Hand Weapons
 a - a +0 war axe (weapon)
Armour
 b - a +0 scale mail (worn)
 c - a +0 kite shield (worn)
 h - a +0 cloak (worn)
 l - a +1 pair of boots (worn)
Wands
 f - a wand of random effects (19)
Scrolls
 e - a scroll of amnesia {unknown}
 g - a scroll of teleportation {unknown}
Potions
 j - a potion of attraction {unknown}
 m - a potion of brilliance {unknown}
 n - a potion of heal wounds {unknown}


   Skills:
 + Level 4.7 Fighting
 + Level 4.2 Axes
 + Level 4.3 Armour
 + Level 4.3 Shields


You had 4 spell levels left.
You didn't know any spells.
Your spell library contained the following spells:

 Spells                   Type           Power        Failure   Level
 Magic Dart               Conj           0%           99%         1
 Searing Ray              Conj           0%           100%        2
 Dazzling Flash           Conj/Hex       0%           100%        3
 Fulminant Prism          Conj/Hex       0%           100%        4
 Iskenderun's Mystic Bla  Conj/Tloc      0%           100%        4


Dungeon Overview and Level Annotations

Branches:
Dungeon (3/15)

Altars:
Ashenzari
Dithmenos
Kikubaaqudgha
Makhleb
Okawaru
Vehumet

Annotations:
D:3 1 transporter, SkaryMonk's ghost, amateur OpTm


Message History

SkaryMonk's ghost hits you but does no damage.
You block the gnoll's attack. You block the gnoll sergeant's attack.
SkaryMonk's ghost hits you but does no damage.
Okay, then.
It was a potion of curing.
You feel better. The gnoll completely misses you. SkaryMonk's ghost hits you.
The gnoll sergeant hits you from afar with the +9 trident of Absolution {venom, rC+ Stlth+}.
* * * LOW HITPOINT WARNING * * *
You are poisoned.
It was a potion of resistance.
You feel protected.
You feel sick. You block the gnoll's attack. SkaryMonk's ghost hits you.
* * * LOW HITPOINT WARNING * * *
The gnoll sergeant hits you but does no damage.
You miss SkaryMonk's ghost.
SkaryMonk's ghost is heavily damaged.
You feel sick. The gnoll hits you but does no damage.
SkaryMonk's ghost hits you but does no damage.
The gnoll sergeant hits you from afar with the +9 trident of Absolution {venom, rC+ Stlth+}!
You die...

.#..≈≈≈≈≈≈≈≈≈≈≈≈≈≈≈≈≈≈≈≈≈≈≈≈≈....
.##.≈≈#####...........#####≈≈.###
.##.≈≈#g#g#.###.©.###.#.#.#≈≈.#
###.≈≈#...###.#####.###...#≈≈.#
#.≈≈###...............###≈≈.#
#.≈≈.8#.##'###'######.#8.≈≈.#
#.≈≈.##.#...#..8# .$#.##.≈≈.#
#.≈≈.#..'..gg.©⌠# $'.g#.≈≈.###
#.≈≈.##.#...#.@8# .#g##.≈≈....
##.≈≈.8#.##'###W######.#8.≈≈.###
#..≈≈###........g......###≈≈.>..
#..≈≈#...###.#####g###...#≈≈.##.
#..≈≈#.#.#.###.©.###.#.#g#≈≈.##.
##..≈≈#####...........#####≈≈.##.
....≈≈≈≈≈≈≈≈≈≈≈...≈≈≈≈≈≈≈≈≈≈≈.##.
##..≈≈≈≈≈≈≈≈≈≈≈...≈≈≈≈≈≈≈≈≈≈≈....
#...............................


You could see a gnoll sergeant, SkaryMonk's ghost and 2 gnolls.

Vanquished Creatures
  A gnoll shaman (D:3)
  3 adders (D:2)
  5 gnolls (D:3)
  2 worms
  2 leopard geckos (D:1)
  An orc (D:3)
  A bat (D:1)
  A giant cockroach (D:3)
  12 goblins
  8 hobgoblins
  6 jackals
  6 kobolds
  2 frilled lizards (D:2)
  2 rats
52 creatures vanquished.

Vanquished Creatures (others)
  6 plants (D:3)
6 creatures vanquished.

Grand Total: 58 creatures vanquished

Notes
Turn   | Place    | Note
-------+----------+-------------------------------------------
     0 | D:1      | Hopman the Hill Orc Fighter began the quest for the Orb.
     0 | D:1      | Reached XP level 1. HP: 19/19 MP: 1/1
   125 | D:1      | Reached XP level 2. HP: 23/27 MP: 2/2
   853 | D:1      | Reached XP level 3. HP: 26/33 MP: 3/3
  1641 | D:2      | Reached XP level 4. HP: 12/40 MP: 4/4
  2283 | D:3      | Identified the +9 trident of Absolution {venom, rC+ Stlth+}
  2283 | D:3      | Identified the +4 scale mail of Cheibriados's Pride {Dex+3}
  2283 | D:3      | Noticed a gnoll sergeant
  2391 | D:3      | Reached XP level 5. HP: 47/47 MP: 5/5
  2749 | D:3      | Found an iron altar of Okawaru.
  2837 | D:3      | Found a transporter.
  2838 | D:3      | Found a transporter.
  3045 | D:3      | Noticed SkaryMonk's ghost (amateur OpTm)
  3113 | D:3      | Found an iron altar of Okawaru.
  3114 | D:3      | Found a burning altar of Makhleb.
  3114 | D:3      | Found an ancient bone altar of Kikubaaqudgha.
  3114 | D:3      | Found a broken altar of Ashenzari.
  3140 | D:3      | Found a shadowy altar of Dithmenos.
  3140 | D:3      | Found a radiant altar of Vehumet.
  3305 | D:3      | Mangled by a gnoll sergeant

Illustrated notes

Levels and vault maps discovered:
D:1:      wander_arrival_desolate, layout_basic, feat_on_display
D:2:      layout_basic
D:3:      layout_loops_cross, minmay_overflow_temple_hex,
          gammafunk_ghost_gnarly_gnolls, kennysheep_cross_room, okawaru_trees_2

Skill      XL: |  1  2  3  4  5 |
---------------+----------------+-----
Axes           | 3 4 |  4.2
Fighting       | 4 |  4.7
Armour         | 4 |  4.3
Shields        | 4 |  4.3

Action                   |  1- 3 |  4- 6 || total
-------------------------+-------+-------++-------
Melee: War axe           |   114 |    82 ||   196
  Use: Scroll            |       |     4 ||     4
       Potion            |       |     3 ||     3
Armor: Scale mail        |    55 |    32 ||    87
Dodge: Dodged            |    38 |    21 ||    59
Block: Kite shield       |    70 |    41 ||   111

Table legend: (Time is in decaauts)
 A = Elapsed time spent in this place.
 B = Non-inter-level travel time spent in this place.
 C = Inter-level travel time spent in this place.
 D = Time resting spent in this place.
 E = Time spent auto-exploring this place.
 F = Levels seen in this place.
 G = Mean time per level.
                   A        B        C        D        E       F      G
               +--------+--------+--------+--------+--------+-----+--------+
         Total |   3385 |   3227 |    158 |    673 |   1963 |   3 | 1128.3 |
       Dungeon |   3385 |   3227 |    158 |    673 |   1963 |   3 | 1128.3 |
               +--------+--------+--------+--------+--------+-----+--------+

Top non-repeatable levels by time:
     D:2: 1191 daAuts
     D:1: 1098 daAuts
     D:3: 1095 daAuts
